 Dungeon Crawl Stone Soup version 0.27.1-1-g398f81649c (webtiles) character file.

Game seed: 17856947447101386350

24279 mainiacjoe the Nimble (level 12, -5/78 HPs)
             Began as a Deep Elf Summoner on Sept 7, 2021.
             Was a Priest of Ashenzari.
             Slain by a water moccasin (7 damage)
             ... while paralysed by a hornet
             ... on level 6 of the Lair of Beasts.
             The game lasted 01:15:49 (18170 turns).

mainiacjoe the Nimble (Deep Elf Summoner)          Turns: 18170, Time: 01:15:50

Health: -5/78      AC:  8    Str: 13    XL:     12   Next: 79%
Magic:  25/25      EV:  2    Int: 32    God:    Ashenzari [***...]
Gold:   500        SH:  0    Dex: 22    Spells: 7/26 levels left

rFire    . . .     SeeInvis +   a - +5 dagger (distort)
rCold    + . .     Faith    .   I - +0 buckler {reflect}
rNeg     . . .     Spirit   .   C - +1 leather armour "Lashed Together" {Dex+7 Stlth+, Self, Bglg} (curse)
rPois    +         Reflect  +   e - +1 helmet {Int+3}
rElec    .         Harm     .   q - scarf "Affliction of Ashenzari" {rC+ rF+, Self, Fort} (curse)
rCorr    .         Rampage  .   (no gloves)
Will     ++...     Clarity  +   k - +1 pair of boots "Paranoia of Ashenzari" {rPois Str+3, Alch, Comp} (curse)
Stlth    ++++++....             c - amulet "Share My Suspicion" {RegenMP, Bglg, Elem} (curse)
HPRegen  0.23/turn              M - ring of Qaleutu {Wiz rF- Str+5 Int+3}
MPRegen  0.44/turn              A - ring of Ashenzari's Mistrust {Will+, Cun, Melee} (curse)

@: paralysed, lethally poisoned (-5 -> -19)
A: no striking features
a: Renounce Religion, Curse Item, Shatter the Chains


You were on level 6 of the Lair of Beasts.
You worshipped Ashenzari.
Ashenzari was most pleased with you.
You visited 2 branches of the dungeon, and saw 16 of its levels.

You collected 1009 gold pieces.
You spent 509 gold pieces at shops.

Inventory:

Hand Weapons
 a - a +5 dagger of distortion (weapon)
Missiles
 h - 337 stones
 j - 81 poisoned darts (quivered)
 G - 4 atropa-tipped darts {=F}
Armour
 e - a +1 helmet of intelligence (worn)
 k - the cursed +1 pair of boots "Paranoia of Ashenzari" (worn) {rPois Str+3, Alch, Comp}
   (You acquired it on level 5 of the Dungeon)

   Str:       It affects your strength (+3).
   rPois:     It protects you from poison.
   It has a curse which improves the following skills: Alchemy: Poison Magic and
   Transmutations.
   Companions: Summonings and Necromancy.
 o - +0 steam dragon scales
 q - the cursed scarf "Affliction of Ashenzari" (worn) {rC+ rF+, Self, Fort}
   (You found it on level 9 of the Dungeon)

   It has a curse which improves the following skills: Introspection: Fighting
   and Spellcasting.
   Fortitude: Armour and Shields.
 s - the +18 shield of the Gong {rElec rN+ Will+ EV-5}
   (You found it on level 5 of the Lair of Beasts)

   It is deafeningly noisy when blocking attacks.
   EV:        It affects your evasion (-5).
   rElec:     It insulates you from electricity.
   rN:        It protects you from negative energy.
   Will:      It increases your willpower.
 C - the cursed +1 leather armour "Lashed Together" (worn) {Dex+7 Stlth+, Self, Bglg}
   (You bought it in a shop on level 2 of the Dungeon)

   Dex:       It affects your dexterity (+7).
   Stlth:     It makes you more stealthy.
   It has a curse which improves the following skills: Introspection: Fighting
   and Spellcasting.
   Beguiling: Conjurations, Hexes and Translocations.
 I - a +0 buckler of reflection (worn)
Magical Staves
 f - a staff of cold
Jewellery
 c - the cursed amulet "Share My Suspicion" (around neck) {RegenMP, Bglg, Elem}
   (You found it on level 9 of the Dungeon)

   [amulet of magic regeneration]

   It increases your rate of magic regeneration.
   It has a curse which improves the following skills: Beguiling: Conjurations,
   Hexes and Translocations.
   Elements:  Fire Magic, Ice Magic, Air Magic and Earth Magic.
 x - a +6 ring of strength
 A - the cursed ring of Ashenzari's Mistrust (right hand) {Will+, Cun, Melee}
   (You found it on level 6 of the Dungeon)

   [ring of willpower]

   Will:      It increases your willpower.
   It has a curse which improves the following skills: Cunning: Dodging and
   Stealth.
   Melee Combat: Short Blades, Long Blades, Axes, Maces & Flails, Polearms,
   Staves and Unarmed Combat.
 D - a ring of ice
 H - a ring of protection from fire
 M - the ring of Qaleutu (left hand) {Wiz rF- Str+5 Int+3}
   (You acquired it on level 5 of the Lair of Beasts)

   [ring of wizardry]

   It improves your spell success rate.
   Str:       It affects your strength (+5).
   Int:       It affects your intelligence (+3).
   rF:        It makes you vulnerable to fire.
Wands
 t - a wand of iceblast (26)
 u - a wand of flame (13)
 B - a wand of mindburst (25)
 E - a wand of polymorph (16)
 L - a wand of paralysis (5)
Scrolls
 d - 2 scrolls of vulnerability
 g - 3 scrolls of immolation
 p - 4 scrolls of fear
 r - 6 scrolls of teleportation
 v - 2 scrolls of torment
 y - a scroll of blinking
 z - 2 scrolls of fog
 J - a scroll of magic mapping
Potions
 b - a potion of ambrosia
 i - 5 potions of curing
 l - a potion of might
 m - 2 potions of attraction
 n - a potion of resistance
 w - a potion of cancellation
 F - 4 potions of heal wounds
 K - 3 potions of brilliance
 N - a potion of berserk rage


   Skills:
 - Level 7.6(10.5) Fighting
 - Level 10.2(11.9) Short Blades
 + Level 12.4(14.0) Dodging
 - Level 8.1(10.0) Stealth
 - Level 4.0(5.7) Shields
 - Level 5.0(7.8) Spellcasting
 - Level 0.9(2.5) Conjurations
 - Level 10.2(12.0) Summonings
 - Level 4.0(5.7) Air Magic
 - Level 0.9(2.0) Poison Magic
 - Level 5.0 Evocations


You had 7 spell levels left.
You knew the following spells:

 Your Spells              Type           Power      Damage    Failure   Level
a - Summon Guardian Gole  Hex/Summ       51%        N/A       1%          3
b - Call Imp              Summ           73%        N/A       1%          2
c - Call Canine Familiar  Summ           73%        N/A       1%          3
d - Summon Lightning Spi  Summ/Air       62%        N/A       1%          4
e - Summon Small Mammal   Summ           100%       N/A       1%          1
f - Mephitic Cloud        Conj/Pois/Air  34%        N/A       1%          3
g - Ignite Poison         Fire/Tmut/Pois 17%        N/A       4%          3

Your spell library contained the following spells:

 Spells                   Type           Power      Damage    Failure   Level
 Dazzling Flash           Conj/Hex       42%        N/A       3%          3
 Iskenderun's Mystic Bla  Conj/Tloc      21%        2d6       11%         4
 Bolt of Magma            Conj/Fire/Erth 9%         4d7       32%         5
 Starburst                Conj/Fire      10%        6d5       82%         6


Dungeon Overview and Level Annotations

Branches:
Dungeon (10/15)            Temple (0/1) D:6            Lair (6/6) D:10
  Swamp (0/4) Lair:3       Spider (0/4) Lair:4        Slime (0/5) Lair:5
    Orc: D:9-12

Altars:
Ashenzari
Cheibriados
Dithmenos
Elyvilon
Fedhas
Gozag
Hepliaklqana
Makhleb
Nemelex Xobeh
Qazlal
Ru
Sif Muna
Uskayaw
Xom
Yredelemnul
Zin
The Shining One

Shops:
D:2 [   D:6 **   D:9 [

Annotations:
D:6 exclusion: oklob plant


Message History

An electric hum fills the air.
What are your orders? t - Shout!
Orders for allies: a - Attack new target. r - Retreat! s - Stop attacking. g - Guard the area. f - Follow me.
Anything else - Cancel.
Guard this area!
Your lightning spire shoots out a bolt of lightning at the dream sheep!
The bolt of electricity hits the dream sheep!
The dream sheep bites your lightning spire but does no damage.
Your lightning spire shoots out a bolt of lightning at the dream sheep!
The bolt of electricity hits the dream sheep!
The dream sheep dies!
You start resting.
Magic restored.
Your lightning spire disappears in a puff of smoke!
HP restored.
There is a stone staircase leading down, spattered with blood here.
Partly explored, can't reach some places.
You climb downwards.
The wyvern bites you! The hornet stings you!
The dream sheep completely misses you.
A black mamba comes into view.
The wyvern bites you!
The hornet stings you but does no damage.
You block the dream sheep's attack.
There is a stone staircase leading up, spattered with blood here.
The wyvern bites you! The hornet stings you!
You suddenly lose the ability to move!
The water moccasin bites you!
* * * LOW HITPOINT WARNING * * *
You are poisoned.
The water moccasin poisons you! The dream sheep bites you.
* * * LOW HITPOINT WARNING * * *
The wyvern bites you but does no damage.
The hornet stings you!
* * * LOW HITPOINT WARNING * * *
* * * LOW HITPOINT WARNING * * *
You feel very sick. The water moccasin bites you!
You die...

, ...b....P.... *
,
..............#...
(..P... , .
.......,, ÷# ≈ ≈
....... ##.###. ≈
...!...#...S..# *
≈ .......(.......,
≈ ≈
......Sy.......
......l@÷...... ,
, ≈
.......Y#.##..P ,
.....####,# , ....
,* * ...,, *,* *
,, .. ,, * , ,, ,
, , , ., , ,, , *
, ,,, * , * , ,,,
* , *


You could see a black mamba (wandering), a hornet, a water moccasin, a wyvern
and a dream sheep.

Vanquished Creatures
  A black mamba (Lair:5)
  8 cane toads
  3 komodo dragons
  A polar bear (Lair:6)
  A troll (D:10)
  Prince Ribbit (D:6)
  6 dream sheep
  A wyvern (Lair:5)
  14 yaks
  A human (D:7)
  8 water moccasins
  2 black bears (Lair:1)
  An ice beast (D:6)
  An orc warrior (D:10)
  3 wolves
  3 centaurs
  A lemure (D:8)
  6 bullfrogs
  4 killer bees (D:9)
  An orc priest (D:10)
  A jelly (D:6)
  2 hell rats (Lair:6)
  A gnoll (D:6)
  A howler monkey zombie (D:9)
  3 adders
  An ufetubus (D:5)
  12 orcs
  4 endoplasms (D:3)
  A giant cockroach (D:2)
  5 goblins (D:4)
  2 hobgoblins
  A jackal (D:5)
  4 kobolds
  3 quokkas
  2 ball pythons (D:3)
  2 frilled lizards
  A goblin skeleton (D:7)
  A kobold zombie (D:7)
  3 rats
  A butterfly (Lair:6)
118 creatures vanquished.

Vanquished Creatures (collateral kills)
  2 hydras
  A two-headed ogre (D:8)
  3 death yaks
  A bog body (Lair:3)
  Pikel (D:8)
  2 oklob plants (Lair:5)
  A black mamba (Lair:4)
  A gargoyle (D:10)
  2 cane toads
  5 komodo dragons
  Maggie (D:8)
  3 rime drakes
  8 polar bears
  A troll (D:10)
  Grinder (D:4)
  4 blink frogs (Lair:2)
  6 dream sheep
  A wraith (D:7)
  Sigmund (D:4)
  23 yaks
  5 wyverns
  4 basilisks
  A steam dragon (D:5)
  Edmund (D:5)
  9 water moccasins
  2 ice beasts (D:8)
  2 orc warriors
  A hornet zombie (D:7)
  6 wolves
  3 ogres
  7 black bears
  A centaur (D:9)
  2 phantoms
  A kobold brigand (D:4)
  A water moccasin zombie (D:6)
  A killer bee (D:9)
  A howler monkey (D:9)
  A centaur zombie (D:8)
  A hound (D:5)
  2 bullfrog skeletons
  3 orc priests
  2 iguanas
  A centaur skeleton (D:4)
  A gnoll shaman (D:6)
  4 orc wizards
  Ijyb (D:4)
  5 hell rats
  A howler monkey zombie (D:10)
  Robin (D:4)
  2 gnolls (D:6)
  5 adders
  A river rat (D:9)
  2 ufetubi
  An adder skeleton (D:4)
  A worm (D:3)
  3 dart slugs
  15 orcs
  5 ball pythons
  6 endoplasms
  A giant cockroach (D:2)
  7 goblins
  9 hobgoblins
  2 jackals (D:5)
  3 quokkas
  3 bats
  3 frilled lizards
  7 kobolds
  2 rats
  A butterfly (Lair:6)
218 creatures vanquished.

Vanquished Creatures (others)
  A yak (Lair:3)
  34 fungi
  36 plants
  4 toadstools (D:3)
75 creatures vanquished.

Grand Total: 411 creatures vanquished

Notes
Turn   | Place    | Note
-------+----------+-------------------------------------------
     0 | D:1      | mainiacjoe the Deep Elf Summoner began the quest for the
                  | Orb.
     0 | D:1      | Reached XP level 1. HP: 10/10 MP: 6/6
   502 | D:1      | Reached XP level 2. HP: 15/15 MP: 4/8
   505 | D:1      | Learned a level 2 spell: Call Imp
   609 | D:1      | Reached skill level 5 in Summonings
  1329 | D:2      | Found a shimmering altar of Xom.
  1360 | D:2      | Found Qelu's Antique Armour Emporium.
  1421 | D:2      | Reached XP level 3. HP: 19/19 MP: 5/9
  1450 | D:2      | Learned a level 3 spell: Call Canine Familiar
  1799 | D:2      | Found a faded altar of an unknown god.
  2733 | D:3      | Reached XP level 4. HP: 24/24 MP: 5/10
  3044 | D:2      | Bought a shiny helmet for 195 gold pieces
  3116 | D:4      | Noticed a kobold brigand
  3162 | D:4      | Killed a kobold brigand
  3163 | D:4      | Reached skill level 1 in Shields
  3279 | D:4      | Noticed Sigmund
  3286 | D:4      | Noticed an orc warrior
  3287 | D:4      | Reached XP level 5. HP: 28/28 MP: 6/11
  3287 | D:4      | Killed Sigmund
  3318 | D:4      | Killed an orc warrior
  3319 | D:4      | Reached XP level 6. HP: 21/32 MP: 0/12
  4009 | D:4      | Noticed Robin
  4050 | D:4      | Noticed Ijyb
  4071 | D:4      | Killed Ijyb
  4077 | D:4      | Killed Robin
  4774 | D:4      | Noticed Grinder
  4777 | D:4      | Paralysed by Grinder for 3 turns
  4778 | D:4      | Killed Grinder
  4779 | D:4      | Reached XP level 7. HP: 23/36 MP: 7/13
  4785 | D:4      | Learned a level 4 spell: Summon Lightning Spire
  4978 | D:5      | Entered Level 5 of the Dungeon
  5213 | D:5      | Noticed Edmund
  5230 | D:5      | Killed Edmund
  5231 | D:5      | Reached skill level 1 in Air Magic
  6100 | D:5      | Found a white marble altar of Elyvilon.
  6100 | D:5      | Found a glowing golden altar of the Shining One.
  6100 | D:5      | Noticed a steam dragon
  6139 | D:5      | Killed a steam dragon
  6216 | D:5      | Found a shadowy altar of Dithmenos.
  6218 | D:5      | Found a shimmering blue altar of Sif Muna.
  6220 | D:5      | Found a broken altar of Ashenzari.
  6241 | D:5      | Became a worshipper of Ashenzari the Shackled
  6241 | D:5      | Identified a scroll of acquirement
  6242 | D:5      | Acquired the +1 pair of boots "Huumid" {rPois Str+3}
  6518 | D:6      | Reached XP level 8. HP: 41/41 MP: 5/14
  6596 | D:6      | Found a hide-covered altar of Uskayaw.
  6652 | D:6      | Noticed a +0 short sword
  6652 | D:6      | Noticed a +0 falchion
  6652 | D:6      | Noticed a +0 spear
  6653 | D:6      | Noticed a +0 falchion
  6654 | D:6      | Noticed a +0 dagger
  6654 | D:6      | Noticed a +0 dagger
  6654 | D:6      | Noticed a +0 spear
  6655 | D:6      | Noticed a +0 short sword
  6816 | D:6      | Found Next's Specific Store.
  6892 | D:6      | Found Rympol's General Store.
  6904 | D:6      | Bought a scroll of fog for 30 gold pieces
  7184 | D:6      | Found a staircase to the Ecumenical Temple.
  7229 | D:6      | Found a blossoming altar of Fedhas.
  7249 | D:6      | Noticed an oklob plant
  7404 | D:6      | Noticed Prince Ribbit
  7407 | D:6      | Killed Prince Ribbit
  7408 | D:6      | Reached skill level 1 in Fighting
  7408 | D:6      | Reached skill level 3 in Dodging
  7700 | D:7      | Found a runed translucent door.
  7707 | D:7      | Found a basalt altar of Yredelemnul.
  7737 | D:7      | Reached skill level 4 in Dodging
  7860 | D:7      | Reached skill level 5 in Dodging
  7906 | D:7      | Found a stormy altar of Qazlal.
  8110 | D:2      | Bought a distressingly furry leather armour for 182 gold
                  | pieces
  8110 | D:2      | Identified the +1 leather armour of the Untouchables {Dex+7
                  | Stlth+} (You bought it in a shop on level 2 of the Dungeon)
  8506 | D:7      | Found a sparkling altar of Nemelex Xobeh.
  8523 | D:7      | Found a sacrificial altar of Ru.
  8610 | D:8      | Found a hazy altar of Hepliaklqana.
  8615 | D:8      | Noticed Pikel
  8636 | D:8      | Noticed a two-headed ogre
  8655 | D:8      | Killed Pikel
  8656 | D:8      | Reached XP level 9. HP: 51/51 MP: 1/16
  8798 | D:8      | Killed a two-headed ogre
  8799 | D:8      | Reached skill level 6 in Dodging
  8866 | D:8      | Reached skill level 5 in Spellcasting
  9005 | D:8      | Noticed Maggie
  9033 | D:8      | Killed Maggie
  9579 | D:9      | Found a burning altar of Makhleb.
  9692 | D:9      | Found Aponk's Armour Shop.
  9699 | D:9      | Bought a +0 buckler of reflection for 102 gold pieces
  9734 | D:9      | Reached * piety under Ashenzari
  9773 | D:9      | Reached skill level 7 in Dodging
 10227 | D:9      | Reached skill level 5 in Stealth
 10247 | D:9      | Reached skill level 5 in Fighting
 10256 | D:9      | Reached skill level 8 in Dodging
 10366 | D:9      | Found a glowing silver altar of Zin.
 10367 | D:9      | Found an opulent altar of Gozag.
 10587 | D:10     | Entered Level 10 of the Dungeon
 10619 | D:10     | Found a snail-covered altar of Cheibriados.
 10672 | D:10     | Reached ** piety under Ashenzari
 10731 | D:10     | Noticed a death yak
 10737 | D:10     | Noticed a death yak
 10745 | D:10     | Noticed a death yak
 10745 | D:10     | Killed a death yak
 10746 | D:10     | Reached XP level 10. HP: 61/61 MP: 7/21
 10756 | D:10     | Killed a death yak
 10757 | D:10     | Reached skill level 9 in Dodging
 10781 | D:9      | Killed a death yak
 10897 | D:10     | Reached skill level 10 in Dodging
 10919 | D:10     | Found a staircase to the Lair.
 11020 | D:10     | Reached skill level 1 in Evocations
 11173 | D:10     | Noticed a two-headed ogre
 11187 | D:10     | Banished a two-headed ogre
 11350 | D:10     | Noticed a gargoyle
 11369 | D:10     | Killed a gargoyle
 11518 | Lair:1   | Entered Level 1 of the Lair of Beasts
 11530 | Lair:1   | Noticed a six-headed hydra
 11537 | Lair:1   | Noticed a cane toad
 11539 | Lair:1   | Banished a six-headed hydra
 11540 | Lair:1   | Reached skill level 5 in Evocations
 11546 | Lair:1   | Killed a cane toad
 11686 | Lair:1   | Reached skill level 1 in Short Blades
 11731 | Lair:1   | Reached XP level 11. HP: 59/69 MP: 22/22
 12398 | Lair:1   | Reached skill level 5 in Short Blades
 13692 | Lair:2   | Learned a level 3 spell: Summon Guardian Golem
 13810 | Lair:3   | Noticed a four-headed hydra
 13817 | Lair:3   | Killed a four-headed hydra
 14083 | Lair:3   | Reached *** piety under Ashenzari
 14327 | Lair:3   | Noticed a bog body
 14332 | Lair:3   | Killed a bog body
 14337 | Lair:3   | Found a staircase to the Swamp.
 14614 | Lair:3   | Reached XP level 12. HP: 78/78 MP: 13/25
 14616 | Lair:3   | Reached skill level 10 in Short Blades
 14797 | Lair:4   | Learned a level 3 spell: Mephitic Cloud
 14887 | Lair:4   | Found a hole to the Spider Nest.
 15373 | Lair:4   | Reached skill level 10 in Summonings
 15390 | Lair:4   | Learned a level 3 spell: Ignite Poison
 16015 | Lair:5   | Found a staircase to the Slime Pits.
 16158 | Lair:5   | Noticed a five-headed hydra
 16169 | Lair:5   | Killed a five-headed hydra
 16221 | Lair:5   | Found the +18 shield of the Gong {rElec rN+ Will+ EV-5}
 16458 | Lair:5   | Acquired the ring of Qaleutu {Wiz rF- Str+5 Int+3}
 17130 | Lair:6   | Entered Level 6 of the Lair of Beasts
 17142 | Lair:6   | Noticed a four-headed hydra
 17149 | Lair:6   | Banished a four-headed hydra
 17151 | Lair:6   | Reached skill level 11 in Dodging
 17485 | Lair:6   | Noticed a four-headed hydra
 17809 | Lair:6   | Reached skill level 12 in Dodging
 18169 | Lair:6   | Paralysed by a hornet for 2 turns
 18170 | Lair:6   | HP: 2/78 [poisoned by a water moccasin]
 18170 | Lair:6   | Slain by a water moccasin

Illustrated notes

Levels and vault maps discovered:
D:1:      co_arrival_random_square_maze, layout_loops_ring,
          serial_park_tiny_pond, chequers_serial_rivers_room_a,
          minmay_statues_item
D:2:      layout_rooms, hellmonk_ecumenical_altar_inner_sanctum, serial_shops,
          nicolae_shop_behind_doors, basic_altar, moated_statue
D:3:      layout_rooms, minmay_gold_behind_fungi
D:4:      layout_basic, corexii_checkpoint_b, uniq_ijyb, uniq_sigmund,
          uniq_grinder, uniq_robin
D:5:      layout_cave_pods, chequers_temple_overflow_minitemple, uniq_edmund
D:6:      layout_basic, tgw_fedhas, nicolae_uskayaw_en_pointe,
          minmay_temple_entry_slanted, nicolae_specific_store,
          uniq_prince_ribbit1
D:7:      layout_basic, nicolae_qazlal_general_emergency, dk_yredelemnul_ordeal,
          mainiacjoe_overflow_catwalk_spiral
D:8:      layout_basic, mainiacjoe_overflow_concentric_impassable,
          kennysheep_generic_room_15, uniq_maggie, uniq_pikel
D:9:      layout_roguey, grunt_temple_overflow_gold_and_silver,
          mainiacjoe_overflow_boulevard, serial_shops, shop, minivault_1
D:10:     layout_roguey, lemuel_crystal_altar, dpeg_lair_monsters
Lair:1:   beast_lair_carwin_large_4, layout_gridlike, infiniplex_staircase_pool
Lair:2:   layout_chaotic_city
Lair:3:   layout_cave_pods, skrybe_swamp_entry_bodies
Lair:4:   layout_cave_pods, dummy_spider_entry
Lair:5:   layout_cave_pods, dpeg_slime_entry_corner,
          chequers_serial_rivers_small_3, serial_bayou_shore_b,
          minmay_lair_oklob_chamber, grunt_megastairs_5,
          infiniplex_staircase_pool_2
Lair:6:   wormcave, layout_regular_city, hangedman_lair_tendril_chambers,
          serial_bayou_shore_b, serial_bayou_shore_a, lemuel_fruit_fields

Skill      XL: |  1  2  3  4  5  6  7  8  9 10 11 12 |
---------------+-------------------------------------+-----
Summonings     | 5 6 7 8 9 10 | 10.2
Shields        | 2 3 4 |  4.0
Air Magic      | 4 |  4.0
Fighting       | 3 5 7 |  7.6
Dodging        | 5 8 10 12 | 12.4
Spellcasting   | 5 |  5.0
Stealth        | 5 8 |  8.1
Evocations     | 5 |  5.0
Short Blades   | 1 9 10 | 10.2
Conjurations   | |  0.9
Poison Magic   | |  0.9

Action                   |  1- 3 |  4- 6 |  7- 9 | 10-12 || total
-------------------------+-------+-------+-------+-------++-------
Melee: Unarmed           |     1 |       |       |       ||     1
       Short sword       |    16 |       |       |       ||    16
       Flail             |    27 |    14 |       |       ||    41
       Dagger            |       |     3 |    98 |   321 ||   422
Throw: Dart              |    25 |    32 |     4 |    25 ||    86
       Stone             |    12 |       |       |    13 ||    25
       Boomerang         |       |       |    42 |    88 ||   130
 Cast: Summon Small Mamm |    32 |    11 |     1 |       ||    44
       Call Imp          |    24 |    24 |    28 |    32 ||   108
       Call Canine Famil |     1 |     6 |    26 |    33 ||    66
       Summon Lightning  |       |       |    28 |    49 ||    77
       Summon Guardian G |       |       |       |     6 ||     6
       Mephitic Cloud    |       |       |       |    10 ||    10
       Ignite Poison     |       |       |       |     3 ||     3
Invok: Curse Item        |       |       |     3 |     2 ||     5
Evoke: Wand              |       |     2 |     3 |     2 ||     7
  Use: Scroll            |     2 |     3 |     6 |     3 ||    14
       Potion            |     1 |       |       |       ||     1
 Stab: Sleeping          |       |     1 |     2 |     4 ||     7
       Distracted        |       |     1 |     1 |     5 ||     7
       Confused          |       |       |       |     1 ||     1
Armor: Leather armour    |    15 |    14 |     4 |    25 ||    58
       Robe              |     1 |       |       |       ||     1
       Skin              |     2 |       |       |       ||     2
       Steam dragon scal |       |       |     8 |       ||     8
Dodge: Dodged            |    32 |     8 |    57 |   172 ||   269
Block: Buckler           |     3 |     6 |    20 |    71 ||   100
       Reflection        |       |       |       |     1 ||     1
